 Dungeon Crawl Stone Soup version 0.19.1-1-g22dce08 (webtiles) character file.

1767 galech the Grappler (level 8, -3/75 HPs)
             Began as a Troll Fighter on Jan 17, 2017.
             Was a Follower of Cheibriados.
             Slain by a worker ant (7 damage)
             ... on level 6 of the Dungeon.
             The game lasted 00:12:39 (4976 turns).

galech the Grappler (Troll Fighter)                 Turns: 4976, Time: 00:12:39

Health: -3/75      AC:  6    Str: 27    XL:     8   Next: 80%
Magic:  7/7        EV: 10    Int:  6    God:    Cheibriados [*.....]
Gold:   398        SH: 10    Dex: 13    Spells: 0 memorised, 7 levels left

rFire  . . .     SeeInvis .       - Unarmed
rCold  . . .     Gourm    +     a - +0 robe
rNeg   . . .     Faith    .     b - +0 shield
rPois  .         Spirit   .     p - +1 hat
rElec  .         Reflect  .     (no cloak)
rCorr  .         Harm     .     (gloves unavailable)
MR     .....                    (boots unavailable)
Stlth  ++........               (no amulet)
                                (no ring)
                                (no ring)

@: lethally poisoned (-3 -> -4), very slow
A: unfitting armour, claws 3, fast metabolism 3, gourmand, regeneration 1,
shaggy fur 1, tough skin 2
a: Bend Time, Renounce Religion


You were on level 6 of the Dungeon.
You worshipped Cheibriados.
Cheibriados was aware of your devotion.
You were very full.

You visited 2 branches of the dungeon, and saw 8 of its levels.

You collected 398 gold pieces.

Inventory:

Armour
 a - a +0 robe (worn)
 b - a +0 shield (worn)
 p - a +1 hat (worn)
Wands
 w - a wand of iceblast (9/15)
 D - a wand of iceblast (5/15)
Scrolls
 e - a scroll of vulnerability
 f - a scroll of noise
 i - 5 scrolls of teleportation
 j - 4 scrolls of fog
 k - 2 scrolls of magic mapping
 q - a scroll of recharging {unknown}
 x - 2 scrolls of remove curse {unknown}
 y - a scroll of immolation {unknown}
 A - a scroll of enchant armour {unknown}
 E - a scroll of random uselessness {unknown}
 G - a scroll of blinking {unknown}
Potions
 c - a potion of might
 l - a potion of agility {unknown}
 m - 3 potions of curing
 n - a potion of lignification
 o - a potion of cure mutation {unknown}
 r - a potion of invisibility {unknown}
 s - 2 potions of brilliance {unknown}
 t - 3 potions of haste {unknown}
 v - a potion of resistance {unknown}
 z - a potion of degeneration {unknown}
 F - 2 potions of magic {unknown}
Books
 B - a book of Misfortune

   Spells                             Type                      Level
   a - Confusing Touch                Hexes                        1
   b - Confuse                        Hexes                        3
   c - Gell's Gravitas                Hexes/Translocation          3
   d - Petrify                        Transmutation/Earth          4
   e - Metabolic Englaciation         Hexes/Ice                    5
   f - Yara's Violent Unravelling     Hexes/Transmutation          5
Comestibles
 d - 6 bread rations
 h - a royal jelly
 u - 3 beef jerkies
 C - a meat ration


   Skills:
 + Level 3.1 Fighting
 + Level 4.7 Dodging
 + Level 1.6 Stealth
 + Level 4.9 Shields
 + Level 8.1 Unarmed Combat
 + Level 0.4 Evocations


You had 7 spell levels left.
You didn't know any spells.

Dungeon Overview and Level Annotations

Branches:
Dungeon (7/15)             Temple (1/1) D:6

Altars:
Cheibriados
Dithmenos
Elyvilon
Fedhas
Gozag
Hepliaklqana
Kikubaaqudgha
Makhleb
Nemelex Xobeh
Okawaru
Qazlal
Ru
Sif Muna
Trog
Uskayaw
Vehumet
Xom
Yredelemnul
Zin
The Shining One

Annotations:
D:7 Dowan, Duvessa


Innate Abilities, Weirdness & Mutations

You are too large for most types of armour.
You have claws for hands.
Your metabolism is lightning-fast.
You like to eat raw meat.
Your natural rate of healing is unusually fast.
You are covered in fur. (AC +1)
You have very tough skin. (AC +2)


Message History

You feel strangely unstable. You block the orc warrior's attack.
The worker ant bites you but does no damage.
You feel sick. You block the orc warrior's attack.
The worker ant closely misses you.
You feel sick.
Your surroundings suddenly seem different.
You feel sick.
A worker ant comes into view.
You feel sick.
You feel sick.
The worker ant twitches its antennae in your direction.
You feel sick.
The worker ant waves its antennae.
You feel sick. The worker ant barely misses you. The worker ant bites you.
* * * LOW HITPOINT WARNING * * *
You are more poisoned.
The worker ant poisons you!
You feel sick. You block the worker ant's attack.
You feel sick. The worker ant bites you!
You die...

.##########.######..##########.#.
......(................h...ao....
.............................h...
.####.#####.........############.
.####.# #.......#### #. ...#..#
#.......# #. ......# #.......# #.
.#.#..# #......a# #. .#.#..#
#......@# #. .#.#..# #.......# ##
.#.#..####.......#
.#.#.....#.......#
.#.#..........(..###
.#.#...............#
.#.#.......#####...# ...........#
#...# .....#.....# ##### #######


You could see a worker ant.

Vanquished Creatures
  The ghost of dscm the Covert, a novice OpEn of Uskayaw (D:5)
  A water moccasin (D:6)
  An orc warrior (D:6)
  A black bear (D:6)
  5 ogres
  A centaur (D:5)
  Blork the orc (D:5)
  3 crimson imps (D:6)
  2 jellies
  An orc wizard (D:7)
  A hound (D:6)
  2 centaur skeletons
  An iguana (D:7)
  3 worker ants
  11 adders
  7 gnolls
  A howler monkey skeleton (D:5)
  An ooze (D:2)
  2 adder zombies
  An adder skeleton (D:6)
  6 worms
  A dart slug (D:5)
  4 leopard geckos
  4 orcs
  4 giant cockroaches
  13 goblins
  8 hobgoblins
  6 jackals
  9 kobolds
  3 quokkas
  2 ball pythons
  5 bats
  6 frilled lizards
  A leopard gecko skeleton (D:4)
  4 rats
123 creatures vanquished.

Notes
Turn   | Place    | Note
-------+----------+-------------------------------------------
     0 | D:1      | galech the Troll Fighter began the quest for the Orb.
     0 | D:1      | Reached XP level 1. HP: 22/22 MP: 0/0
   218 | D:1      | Reached XP level 2. HP: 29/29 MP: 1/1
   718 | D:2      | Reached XP level 3. HP: 31/36 MP: 2/2
   957 | D:2      | Reached XP level 4. HP: 44/44 MP: 3/3
  1172 | D:2      | Reached skill level 3 in Unarmed Combat
  1647 | D:3      | Reached XP level 5. HP: 50/50 MP: 4/4
  2064 | D:4      | Found a blossoming altar of Fedhas.
  2098 | D:4      | Noticed an ogre
  2112 | D:4      | Noticed an ogre
  2114 | D:4      | Killed an ogre
  2114 | D:4      | Reached skill level 4 in Unarmed Combat
  2114 | D:4      | Reached XP level 6. HP: 57/59 MP: 5/5
  2275 | D:4      | Reached skill level 5 in Unarmed Combat
  2334 | D:4      | Reached XP level 7. HP: 63/66 MP: 6/6
  2610 | D:5      | Entered Level 5 of the Dungeon
  2786 | D:5      | Noticed Blork the orc
  2815 | D:5      | Killed Blork the orc
  2815 | D:5      | Reached skill level 1 in Stealth
  2815 | D:5      | Reached skill level 6 in Unarmed Combat
  2868 | D:5      | Noticed dscm's ghost (novice OpEn)
  3018 | D:4      | HP: 4/99 [poisoned by dscm's ghost]
  3166 | D:5      | Found a snail-covered altar of Cheibriados.
  3211 | D:5      | Killed dscm's ghost
  3658 | D:6      | Reached XP level 8. HP: 71/74 MP: 7/7
  3748 | D:6      | Found a staircase to the Ecumenical Temple.
  3749 | D:6      | Reached skill level 7 in Unarmed Combat
  3786 | Temple   | Entered the Ecumenical Temple
  3997 | Temple   | Became a worshipper of Cheibriados the Contemplative
  4044 | D:6      | Found a shadowy altar of Dithmenos.
  4145 | D:6      | Found an iron altar of Okawaru.
  4643 | D:6      | Found a sacrificial altar of Ru.
  4643 | D:6      | Found a white marble altar of Elyvilon.
  4801 | D:7      | Reached * piety under Cheibriados
  4814 | D:7      | Noticed Duvessa
  4819 | D:7      | Reached skill level 8 in Unarmed Combat
  4821 | D:7      | Noticed Dowan
  4976 | D:6      | Slain by a worker ant

Skill      XL: |  1  2  3  4  5  6  7  8 |
---------------+-------------------------+-----
Shields        | 3 4 |  4.9
Unarmed Combat | 3 4 5 6 8 |  8.1
Dodging        | 3 4 |  4.7
Stealth        | 1 |  1.6
Fighting       | 3 |  3.1
Evocations     | |  0.4

Action                   |  1- 3 |  4- 6 |  7- 9 || total
-------------------------+-------+-------+-------++-------
Melee: Unarmed           |    69 |   140 |   195 ||   404
 Abil: Evoke Berserk Rag |       |       |     2 ||     2
  Use: Scroll            |       |       |     6 ||     6
       Potion            |       |       |     2 ||     2
 Stab: Sleeping          |     1 |       |     1 ||     2
  Eat: Chunk             |    14 |    13 |    27 ||    54
Armor: Robe              |    28 |    27 |    66 ||   121
Dodge: Dodged            |    24 |    37 |    62 ||   123
Block: Shield            |    25 |    54 |   106 ||   185
